 Dungeon Crawl Stone Soup version 0.14-a0-1739-g6c2808e (webtiles) character file.

4291 Mitsuki the Martial Artist (level 10, -11/79 (84) HPs)
             Began as a Merfolk Transmuter on Jan 3, 2014.
             Was a Priest of Cheibriados.
             Mangled by braverobin's ghost (13 damage)
             ... on Level 8 of the Dungeon.
             The game lasted 01:00:26 (7508 turns).

Mitsuki the Martial Artist (Merfolk Transmuter)     Turns: 7508, Time: 01:00:27

HP -11/79 (84)   AC  2     Str 17      XL: 10   Next: 23%
MP  22/24        EV 21     Int 22      God: Cheibriados [***...]
Gold 296         SH  0     Dex 25      Spells:  4 memorised, 10 levels left

rFire  + . .     SeeInvis .       - Unarmed
rCold  . . .     Clarity  .     u - melded +1 robe {Archmagi}
rNeg   . . .     Conserve .     (shield currently unavailable)
rPois  x         rCorr    .     (helmet currently unavailable)
rElec  .         rRot     .     D - melded +0 cloak
SustAb . .       Spirit   .     s - melded +0 pair of gloves
rMut   .         Warding  .     c - melded +0 pair of boots
Saprov . . .     Stasis   .     (no amulet)
                                l - ring of protection from magic
                                f - ring of protection from fire

@: spider-form, invisible, very slow, quite resistant to hostile enchantments,
fairly stealthy
A: (change form in water), (swift swim), robust 1
a: End Transformation, Bend Time, Temporal Distortion, Renounce Religion


You were on level 8 of the Dungeon.
You worshipped Cheibriados.
Cheibriados was most pleased with you.
You were hungry.
You were in spider-form.
You visited 2 branches of the dungeon, and saw 9 of its levels.

You collected 314 gold pieces.
You spent 18 gold pieces at shops.

Inventory:

Missiles
 b - 19 arrows
 m - 9 arrows of frost
 r - 12 arrows of flame
Armour
 c - a +0 pair of boots (melded)
 s - a +0 pair of gloves (melded)
 u - a +1 robe of the Archmagi (melded)
 w - a +2 orcish robe of positive energy
 D - a +0 cloak (melded)
Magical devices
 x - a wand of paralysis (3)
 z - a wand of digging (11)
 B - a wand of slowing (15)
Comestibles
 o - 2 chunks of orc flesh
 t - a pear
Scrolls
 e - 2 scrolls of immolation
 g - a scroll of teleportation
 i - 6 scrolls of identify
 j - 2 scrolls of remove curse
 k - a scroll of enchant weapon II
 p - a scroll of fear
Jewellery
 f - a ring of protection from fire (left front leg)
 l - a ring of protection from magic (right front leg)
 y - an uncursed ring of fire
Potions
 a - a potion of magic
 h - 2 potions of curing
 n - a potion of brilliance
Books
 d - a book of Changes

   Spells                             Type                      Level
   *Beastly Appendage                 Transmutation                1
   *Sticks to Snakes                  Transmutation                2
   *Spider Form                       Transmutation/Poison         3
   Ice Form                           Ice/Transmutation            4
   *Blade Hands                       Transmutation                5


   Skills:
 + Level 6.9 Fighting
 - Level 2.6 Dodging
 - Level 12.4 Unarmed Combat
 + Level 6.2 Spellcasting
   Level 3.1 Translocations
 + Level 8.3 Transmutations
 - Level 1.0 Poison Magic
 * Level 4.2 Invocations


You had 10 spell levels left.
You knew the following spells:

 Your Spells              Type           Power        Failure   Level  Hunger
a - Beastly Appendage     Trmt           #####.       3%          1    None
b - Spider Form           Trmt/Pois      ####......   14%         3    ##.....
c - Sticks to Snakes      Trmt           #####.....   3%          2    None
d - Blade Hands           Trmt           #####.....   28%         5    #####..


Dungeon Overview and Level Annotations

Branches:
Dungeon (8/16)             Temple (1/1) D:6
   Lair: D:8-11

Altars:
Ashenzari
Cheibriados
Elyvilon
Fedhas
Kikubaaqudgha
Makhleb
Nemelex Xobeh
Okawaru
Sif Muna
Trog
Vehumet
Xom
Yredelemnul
Zin
the Shining One

Shops:
D:7 *

Annotations:
D:8 braverobin's ghost, experienced DDGl


Innate Abilities, Weirdness & Mutations

((You revert to your normal form in water.))*
((You are very nimble and swift while swimming.))*
You are robust (+10% HP).


Message History

You feel a surge of power!
You turn into a venomous arachnid creature.
Your +0 cloak melds into your body.
Your +0 pair of gloves melds into your body.
Your +0 pair of boots melds into your body.
Your +1 robe of the Archmagi melds into your body.
You feel strangely numb. Braverobin's ghost hits you!
You hit braverobin's ghost but do no damage.
Braverobin's ghost hits you!
You are electrocuted!
* * * LOW HITPOINT WARNING * * *
Braverobin's ghost whispers, "Meet the emptiness of death!"
Braverobin's ghost closely misses you.
There is a stone staircase leading up here.
Drink which item? (? for menu, Esc to quit)
You fade into invisibility!
You are feeling hungry.
Braverobin's ghost hits you.
* * * LOW HITPOINT WARNING * * *
You are electrocuted!
You die...

. . .. .
..#. ##...
...# ...
#.#
#.#########
#.......ps#
#.#########
#.# ###


You could see braverobin's ghost.

Vanquished Creatures
  Eustachio (D:4)
  A hippogriff (D:7)
  Edmund (D:4)
  A necrophage (D:6)
  An orc warrior (D:6)
  A phantom (D:6)
  A sky beast (D:6)
  2 ogres
  A centaur (D:5)
  Sigmund (D:2)
  Blork the orc (D:7)
  4 giant frogs
  5 wights (D:6)
  A goliath beetle (D:7)
  A crimson imp (D:6)
  2 orc priests
  3 iguanas
  A jelly (D:5)
  A centaur skeleton (D:6)
  Crazy Yiuf (D:4)
  A scorpion (D:6)
  2 orc wizards (D:7)
  Terence (D:3)
  A hound skeleton (D:7)
  2 adders
  6 gnolls
  2 giant mites
  2 worms
  2 adder zombies
  3 giant geckos
  An ooze (D:7)
  19 orcs
  A ball python (D:2)
  9 bats
  4 giant cockroaches
  12 hobgoblins
  14 jackals
  14 kobolds
  3 giant newts
  19 goblins
  A goblin zombie (D:5)
  An orc skeleton (D:5)
  A quokka skeleton (D:7)
  9 rats
  A rat zombie (D:5)
  A bush (D:4)
163 creatures vanquished.

Vanquished Creatures (collateral kills)
  2 ogres (D:4)
  An orc wizard (D:4)
  A scorpion (D:7)
  An orc (D:4)
  A bat skeleton (D:4)
  2 goblins (D:5)
8 creatures vanquished.

Grand Total: 171 creatures vanquished

Notes
Turn   | Place    | Note
--------------------------------------------------------------
     0 | D:1      | Mitsuki, the Merfolk Transmuter, began the quest for the Orb.
     0 | D:1      | Reached XP level 1. HP: 15/15 MP: 3/3
   222 | D:1      | Reached XP level 2. HP: 16/21 MP: 1/4
   280 | D:1      | Reached skill level 4 in Transmutations
   769 | D:1      | Reached XP level 3. HP: 24/26 MP: 6/6
   774 | D:1      | Learned a level 3 spell: Spider Form
  1110 | D:2      | Reached skill level 5 in Transmutations
  1120 | D:2      | Reached XP level 4. HP: 16/32 MP: 1/7
  1980 | D:3      | Noticed Sigmund
  1992 | D:2      | Killed Sigmund
  1992 | D:2      | Reached skill level 6 in Transmutations
  1992 | D:2      | Reached XP level 5. HP: 32/37 MP: 6/9
  2103 | D:3      | Noticed Terence
  2119 | D:3      | Killed Terence
  2671 | D:4      | Reached skill level 7 in Transmutations
  2875 | D:4      | Learned a level 2 spell: Sticks to Snakes
  2878 | D:4      | Noticed an ogre
  2897 | D:4      | Killed an ogre
  2897 | D:4      | Reached XP level 6. HP: 43/43 MP: 3/10
  3064 | D:4      | Noticed Edmund
  3085 | D:4      | Killed Edmund
  3269 | D:4      | Noticed Eustachio
  3285 | D:4      | Killed Eustachio
  3285 | D:4      | Reached skill level 5 in Unarmed Combat
  3285 | D:4      | Reached skill level 8 in Transmutations
  3285 | D:4      | Reached XP level 7. HP: 33/48 MP: 6/12
  3495 | D:4      | Learned a level 5 spell: Blade Hands
  3714 | D:4      | Found a snail-covered altar of Cheibriados.
  3733 | D:4      | Became a worshipper of Cheibriados the Contemplative
  3962 | D:4      | Noticed Crazy Yiuf
  3968 | D:4      | Killed Crazy Yiuf
  4161 | D:5      | Entered Level 5 of the Dungeon
  4391 | D:4      | HP: 2/48 [ogre/giant club (18)]
  4715 | D:4      | Gained mutation: You are robust (+10% HP). [potion of beneficial mutation]
  5134 | D:5      | Reached XP level 8. HP: 26/59 MP: 1/14
  5735 | D:6      | Reached skill level 9 in Unarmed Combat
  5768 | D:6      | Found a staircase to the Ecumenical Temple.
  5774 | Temple   | Entered the Ecumenical Temple
  6226 | D:6      | Reached skill level 10 in Unarmed Combat
  6287 | D:6      | Found a snail-covered altar of Cheibriados.
  6287 | D:6      | Found a glowing silver altar of Zin.
  6369 | D:6      | Reached XP level 9. HP: 40/62 MP: 16/16
  6382 | D:6      | Reached skill level 12 in Unarmed Combat
  6382 | D:6      | Reached XP level 10. HP: 46/79 MP: 15/24
  6556 | D:7      | Found a deep blue altar of Sif Muna.
  6651 | D:7      | Found Huewyo's Assorted Antiques.
  6663 | D:7      | Bought a runed robe for 18 gold pieces
  6880 | D:7      | Noticed Blork the orc
  6899 | D:7      | Killed Blork the orc
  6967 | D:7      | Found a blossoming altar of Fedhas.
  7039 | D:7      | Reached skill level 1 in Poison Magic
  7377 | D:7      | Acquired Cheibriados' first power
  7497 | D:8      | Noticed braverobin's ghost (experienced DDGl)
  7508 | D:8      | HP: 2/79 [braverobin's ghost (4)]
  7508 | D:8      | Mangled by braverobin's ghost

Action                   |  1- 3 |  4- 6 |  7- 9 | 10-12 || total
-------------------------+-------+-------+-------+-------++-------
Melee: Unarmed           |    90 |   185 |   275 |    73 ||   623
 Cast: Beastly Appendage |    11 |       |       |       ||    11
       Spider Form       |     4 |    21 |    16 |    12 ||    53
       Sticks to Snakes  |       |     4 |     7 |     3 ||    14
       Blade Hands       |       |       |    17 |     1 ||    18
 Abil: End Transformatio |       |     1 |       |     1 ||     2
Evoke: Wand              |       |     3 |     1 |     1 ||     5
  Use: Scroll            |     5 |       |    10 |     6 ||    21
       Potion            |       |       |     9 |     1 ||    10
 Stab: Sleeping          |     1 |       |       |       ||     1
       Paralysed         |       |    14 |       |       ||    14
